 Dungeon Crawl Stone Soup version 0.17-a0-1485-g22cb0ee (webtiles) character file.

147 matakusis the Ducker (level 5, -4/40 HPs)
             Began as a Demonspawn Gladiator on July 2, 2015.
             Slain by urechis's ghost (15 damage)
             ... on level 3 of the Dungeon on July 5, 2015.
             The game lasted 00:14:15 (3216 turns).

matakusis the Ducker (Demonspawn Gladiator)         Turns: 3216, Time: 00:14:16

Health: -4/40      AC:  5    Str: 24    XL:     5   Next: 8%
Magic:  5/5        EV: 13    Int:  9    God:
Gold:   119        SH:  0    Dex: 13    Spells: 0 memorised, 4 levels left

rFire  . . .     SeeInvis .     o - +1 dagger (venom)
rCold  . . .     Clarity  .     b - +0 leather armour
rNeg   . . .     SustAt   .     (no shield)
rPois  .         Gourm    .     c - +0 helmet
rElec  .         Spirit   .     (no cloak)
rCorr  .         Warding  .     (no gloves)
rMut   .         Stasis   .     (no boots)
MR     .....                    u - amulet of rage
Stlth  +.........               (no ring)
                                f - +2 ring of strength

@: mighty, not resistant to hostile enchantments, very unstealthy
A: rugged brown scales 1, rot immunity
a: Evoke Berserk Rage


You were on level 3 of the Dungeon.
You were not hungry.

You visited 1 branch of the dungeon, and saw 3 of its levels.

You collected 119 gold pieces.

Inventory:

Hand weapons
 a - a +0 flail
 o - a +1 dagger of venom (weapon)
Armour
 b - a +0 leather armour (worn)
 c - a +0 helmet (worn)
Jewellery
 f - a +2 ring of strength (left hand)
 u - an amulet of rage (around neck)
Scrolls
 g - 3 scrolls of teleportation {unknown}
 l - a scroll of fear {unknown}
 n - 5 scrolls of identify {unknown}
 p - a scroll of enchant weapon {unknown}
 s - a scroll of enchant armour {unknown}
 t - a scroll of blinking {unknown}
Potions
 j - a potion of mutation {unknown}
 m - a potion of agility {unknown}
 r - a potion of poison {unknown}
Comestibles
 e - 3 bread rations
 h - a beef jerky
 q - 3 fruits


   Skills:
 + Level 2.5 Fighting
 + Level 0.1 Short Blades
 * Level 3.4 Maces & Flails
 + Level 2.0 Throwing
 * Level 4.4 Dodging


You had 4 spell levels left.
You didn't know any spells.

Dungeon Overview and Level Annotations

Branches:
Dungeon (3/15)

Altars:
Cheibriados
Fedhas
Kikubaaqudgha
Xom

Annotations:
D:3 urechis's ghost, average TrMo


Innate Abilities, Weirdness & Mutations

You are partially covered in rugged brown scales (AC +1, +3% HP).
You are immune to rotting.


Message History

Urechis's ghost hits you.
You hit urechis's ghost but do no damage.
Urechis's ghost is lightly damaged.
Urechis's ghost closely misses you.
You hit urechis's ghost.
Urechis's ghost is lightly damaged.
Urechis's ghost barely misses you.
You closely miss urechis's ghost.
Urechis's ghost is lightly damaged.
Urechis's ghost hits you.
You closely miss urechis's ghost.
Urechis's ghost is lightly damaged.
Urechis's ghost hits you.
* * * LOW HITPOINT WARNING * * *
There is an open door here.
It was a potion of might.
You feel very mighty all of a sudden.
Urechis's ghost grins evilly.
Urechis's ghost hits you!
You die...

# #.........#.# ###
#######.###.# ..#
#.....# #.# ####### #.#
######## #.# #......#
#.# #......# #.#
#......########## #.#
#......W@...(...#
#.#####
#......########.######.
#.....#
#......(((..#..........
#...#.#
#......####.#.#.#######
##..#.# #......# #.#.#
#..#.# #......# #.#.#
#..#.# #......# ..#.#
##..#.# #......#
#####.######### ....#.#
########
#..............


You could see urechis's ghost.

Vanquished Creatures
  A worker ant (D:3)
  6 adders
  2 oozes
  5 giant geckos
  An orc (D:3)
  6 bats
  5 giant cockroaches
  4 hobgoblins
  4 jackals (D:1)
  13 kobolds
  2 quokkas (D:3)
  2 giant newts (D:2)
  4 goblins
  11 rats
66 creatures vanquished.

Notes
Turn   | Place    | Note
--------------------------------------------------------------
     0 | D:1      | matakusis the Demonspawn Gladiator began the quest for the Orb.
     0 | D:1      | Reached XP level 1. HP: 16/16 MP: 1/1
   504 | D:1      | Gained mutation: You are immune to rotting. [demonic ancestry]
   504 | D:1      | Reached XP level 2. HP: 19/22 MP: 2/2
   506 | D:1      | Upgraded the game from 0.17-a0-1475-g9f81d98 to 0.17-a0-1485-g22cb0ee
   670 | D:1      | Reached skill level 3 in Maces & Flails
   677 | D:1      | HP: 1/22 [jackal (3)]
   973 | D:1      | Reached XP level 3. HP: 20/27 MP: 3/3
  1385 | D:2      | Found a shimmering altar of Xom.
  1386 | D:2      | Found a blossoming altar of Fedhas.
  1561 | D:2      | Reached XP level 4. HP: 18/33 MP: 4/4
  1816 | D:2      | Reached skill level 4 in Dodging
  2934 | D:3      | Gained mutation: You are partially covered in rugged brown scales (AC +1, +3% HP). [demonic ancestry]
  2934 | D:3      | Reached XP level 5. HP: 32/40 MP: 5/5
  3014 | D:3      | Found an ancient bone altar of Kikubaaqudgha.
  3014 | D:3      | Found a snail-covered altar of Cheibriados.
  3198 | D:3      | Noticed urechis's ghost (average TrMo)
  3216 | D:3      | Slain by urechis's ghost

Vault maps used:
D:1:      eino_arrival_druids_welcome
D:2:      nicolae_overflow_hidden_temple, nrook_mini_backslash
D:3:      gammafunk_temple_overflow_pools

Action                   |  1- 3 |  4- 6 || total
-------------------------+-------+-------++-------
Melee: Flail             |    46 |       ||    46
       Dagger            |    60 |   116 ||   176
Throw: Throwing net      |       |     3 ||     3
  Use: Potion            |     1 |     2 ||     3
 Stab: Sleeping          |       |     1 ||     1
  Eat: Meat ration       |     1 |     1 ||     2
